 Dungeon Crawl Stone Soup version 0.31-a0-233-g139696dc86 (webtiles) character file.

Game seed: 9840720562979584046

94 qw the Shooter (level 4, -4/26 HPs)
             Began as a Gargoyle Hexslinger on July 9, 2023.
             Slain by Sigmund
             ... wielding a +0 scythe
              (7 damage)
             ... on level 4 of the Dungeon.
             The game lasted 00:01:03 (2414 turns).

qw the Shooter (Gargoyle Hexslinger)                Turns: 2414, Time: 00:01:04

Health: -4/26      AC:  7    Str: 12    XL:     4   Next: 63%
Magic:  5/5        EV: 11    Int: 13    God:
Gold:   141        SH:  0    Dex: 14    Spells: 4/5 levels left

rFire   . . .        Y - +2 sling
rCold   + . .        (no shield)
rNeg    + . .        i - +1 leather armour {rC+}
rPois   inf          (no helmet)
rElec   +            (no cloak)
rCorr   .            (no gloves)
SInv    .            (no boots)
Will    .....        (no amulet)
Stlth   +            (no ring)
HPRegen 0.24/turn    (no ring)
MPRegen 0.09/turn

%: no passive effects
@: no status effects
A: sickness immunity, AC +3, negative energy resistance 1, electricity
resistance, torment resistance 1, petrification resistance
a: no special abilities


You were on level 4 of the Dungeon.
You visited 1 branch of the dungeon, and saw 4 of its levels.

You collected 141 gold pieces.


Innate Abilities, Weirdness & Mutations

You are immune to sickness and miasma.
Your stone body is resilient. (AC +3)
You are immune to poison.
You resist negative energy. (rN+)
You are resistant to electric shocks. (rElec)
You are resistant to unholy torment.
You are immune to petrification.


   Skills:
 - Level 2.0 Fighting
 + Level 4.4 Ranged Weapons
 - Level 1.5 Dodging
 - Level 1.0 Spellcasting
 - Level 2.6 Hexes


You had 4 spell levels left.
You knew the following spells:

 Your Spells              Type           Power      Damage    Failure   Level
a - Slow                  Hex            28%        N/A       12%         1

Your spell library contained the following spells:

 Spells                   Type           Power      Damage    Failure   Level
 Inner Flame              Hex/Fire       4%         N/A       52%         3
 Portal Projectile        Hex/Tloc       8%         N/A       52%         3
 Cause Fear               Hex            3%         N/A       75%         4

Inventory:

Hand Weapons
 Y - a +2 sling (weapon)
Armour
 i - a +1 leather armour of cold resistance (worn)
Potions
 a - a potion of attraction {unknown}
 d - a potion of brilliance {unknown}
 e - a potion of haste
 f - 2 potions of curing

Dungeon Overview and Level Annotations

Branches:
Dungeon (4/15)
 Temple: D:4-7

Altars:
Dithmenos
Hepliaklqana
Zin

Annotations:
D:4 Sigmund


Message History

You shoot a sling bullet. The sling bullet hits Sigmund.
Sigmund is moderately wounded.
Sigmund closely misses you.
You shoot a sling bullet.
The sling bullet hits Sigmund but does no damage.
Sigmund is moderately wounded.
Sigmund hits you from afar with a +0 scythe.
You shoot a sling bullet. The sling bullet hits Sigmund.
Sigmund is heavily wounded.
Sigmund gestures wildly while chanting.
Sigmund flickers and vanishes!
Deactivating autopickup; reactivate with Ctrl-A.
You shoot a sling bullet. Something hits you but does no damage.
You shoot a sling bullet. Something hits you.
You shoot a sling bullet. You shoot a sling bullet.
Something hits you but does no damage.
You shoot a sling bullet. Something hits you but does no damage.
You shoot a sling bullet. Something hits you but does no damage.
You shoot a sling bullet. Something hits you.
You shoot a sling bullet. You shoot a sling bullet.
Something hits you but does no damage.
You shoot a sling bullet. Something hits you!
You shoot a sling bullet. Something hits you.
You shoot a sling bullet. Something hits you but does no damage.
You shoot a sling bullet. Something hits you.
You shoot a sling bullet. You shoot a sling bullet. Something hits you!
You die...

#.. #.# #
#...##.##.###
#..>........
#...##.##.#####
#..<.........
#............
#.##.........
#............
#.@......####
#.....#..#
#?{...#....
#.....#..#..
#...........
#.#......#.
#.#..##... #.
..# .##


There were no monsters in sight!

Vanquished Creatures
  2 adders (D:3)
  2 worms (D:3)
  2 dart slugs (D:3)
  6 orcs (D:3)
  6 ball pythons
  4 bats (D:2)
  4 endoplasms
  4 giant cockroaches
  5 hobgoblins
  6 jackals
  2 kobolds (D:3)
  A quokka (D:3)
  2 frilled lizards
  4 goblins
  4 rats
54 creatures vanquished.

Notes
Turn   | Place    | Note
-------+----------+-------------------------------------------
     0 | D:1      | qw the Gargoyle Hexslinger began the quest for the Orb.
     0 | D:1      | Reached XP level 1. HP: 12/12 MP: 2/2
     0 | D:1      | 0 ||| qw: Version: 0.3-a-51-g015441d
     0 | D:1      | 0 ||| qw: Game counter: 3888
     0 | D:1      | 0 ||| qw: Melee chars always use a shield: true
     0 | D:1      | 0 ||| qw: God list: Okawaru
     0 | D:1      | 0 ||| qw: Allow faded altars: false
     0 | D:1      | 0 ||| qw: Do Orc after clearing Dungeon:15 true
     0 | D:1      | 0 ||| qw: Do second Lair branch before Depths: true
     0 | D:1      | 0 ||| qw: Lair rune preference: random
     0 | D:1      | 0 ||| qw: Goals: Normal
     0 | D:1      | 0 ||| PLANNING D:1-11
   331 | D:1      | Reached XP level 2. HP: 15/16 MP: 3/3
   418 | D:1      | Reached skill level 3 in Ranged Weapons
   781 | D:1      | 781 ||| UPGRADING to +0 ring mail.
   791 | D:1      | 791 ||| DROPPING +0 robe.
   792 | D:1      | 792 ||| UPGRADING to +1 leather armour of cold resistance.
   802 | D:1      | 802 ||| DROPPING +0 ring mail.
   803 | D:1      | 803 ||| READING scroll labelled YMMEPY GOEN.
   804 | D:1      | 804 ||| READING scroll labelled XUMICZ BICRO.
   805 | D:1      | 805 ||| READING scroll labelled SOKLUK XIPIC.
   806 | D:1      | 806 ||| DRINKING 2 viscous clear potions.
   807 | D:1      | 807 ||| DROPPING scroll of poison.
   932 | D:2      | Reached XP level 3. HP: 21/21 MP: 4/4
  1214 | D:2      | 1214 ||| READING scroll labelled ANI GOFOOZXI.
  1215 | D:2      | 1215 ||| READING scroll labelled CEEKHL BOEFOTT.
  1316 | D:2      | 1316 ||| READING scroll labelled GYAFIXZA HAIL.
  1317 | D:2      | 1317 ||| READING scroll labelled MIFUT XUANKIMA.
  1318 | D:2      | 1318 ||| READING scroll labelled KIMAER TAOBOUFAOJ.
  1323 | D:2      | 1323 ||| READING scroll labelled ATOLAOG NIMUT.
  1337 | D:2      | 1337 ||| DRINKING 3 pink potions.
  1467 | D:3      | Found a shadowy altar of Dithmenos.
  1500 | D:3      | Found a glowing silver altar of Zin.
  1587 | D:3      | Reached XP level 4. HP: 24/26 MP: 5/5
  1606 | D:3      | Found a hazy altar of Hepliaklqana.
  1613 | D:3      | Reached skill level 4 in Ranged Weapons
  1935 | D:3      | HP: 6/26 [orc/+0 flail (6)]
  1939 | D:3      | 1939 ||| FLEEEEING.
  1940 | D:3      | 1940 ||| FLEEEEING.
  1941 | D:3      | 1941 ||| FLEEEEING.
  1942 | D:3      | 1942 ||| FLEEEEING.
  1943 | D:3      | 1943 ||| FLEEEEING.
  1944 | D:3      | 1944 ||| FLEEEEING.
  1945 | D:3      | 1945 ||| FLEEEEING.
  1946 | D:3      | 1946 ||| FLEEEEING.
  1947 | D:3      | 1947 ||| FLEEEEING.
  1948 | D:3      | 1948 ||| FLEEEEING.
  1949 | D:3      | 1949 ||| FLEEEEING.
  1950 | D:3      | 1950 ||| FLEEEEING.
  1951 | D:3      | 1951 ||| FLEEEEING.
  1952 | D:3      | 1952 ||| FLEEEEING.
  1953 | D:3      | 1953 ||| FLEEEEING.
  1954 | D:3      | 1954 ||| FLEEEEING.
  1955 | D:3      | 1955 ||| FLEEEEING.
  1956 | D:3      | 1956 ||| FLEEEEING.
  1957 | D:3      | 1957 ||| FLEEEEING.
  1958 | D:3      | 1958 ||| FLEEEEING.
  1959 | D:3      | 1959 ||| FLEEEEING.
  1960 | D:3      | 1960 ||| FLEEEEING.
  1961 | D:3      | 1961 ||| FLEEEEING.
  1962 | D:3      | 1962 ||| FLEEEEING.
  1963 | D:3      | 1963 ||| FLEEEEING.
  1964 | D:3      | 1964 ||| FLEEEEING.
  1966 | D:3      | 1966 ||| FLEEEEING.
  1967 | D:3      | 1967 ||| FLEEEEING.
  1968 | D:3      | 1968 ||| FLEEEEING.
  1969 | D:3      | 1969 ||| FLEEEEING.
  1970 | D:3      | 1970 ||| FLEEEEING.
  1971 | D:3      | 1971 ||| FLEEEEING.
  1972 | D:3      | 1972 ||| FLEEEEING.
  1973 | D:3      | 1973 ||| FLEEEEING.
  1974 | D:3      | 1974 ||| FLEEEEING.
  1975 | D:3      | 1975 ||| FLEEEEING.
  1976 | D:3      | 1976 ||| FLEEEEING.
  1977 | D:3      | 1977 ||| FLEEEEING.
  1978 | D:3      | 1978 ||| FLEEEEING.
  1979 | D:3      | 1979 ||| FLEEEEING.
  1980 | D:3      | 1980 ||| FLEEEEING.
  1981 | D:3      | 1981 ||| FLEEEEING.
  1982 | D:3      | 1982 ||| FLEEEEING.
  1983 | D:3      | 1983 ||| FLEEEEING.
  1984 | D:3      | 1984 ||| FLEEEEING.
  1985 | D:3      | 1985 ||| FLEEEEING.
  1986 | D:3      | 1986 ||| FLEEEEING.
  1987 | D:3      | 1987 ||| FLEEEEING.
  1988 | D:3      | 1988 ||| FLEEEEING.
  1989 | D:3      | 1989 ||| FLEEEEING.
  1990 | D:3      | 1990 ||| FLEEEEING.
  1991 | D:3      | 1991 ||| FLEEEEING.
  1992 | D:3      | 1992 ||| FLEEEEING.
  1993 | D:3      | 1993 ||| FLEEEEING.
  1994 | D:3      | 1994 ||| FLEEEEING.
  1995 | D:3      | 1995 ||| FLEEEEING.
  1996 | D:3      | 1996 ||| FLEEEEING.
  1997 | D:3      | 1997 ||| FLEEEEING.
  1998 | D:3      | 1998 ||| FLEEEEING.
  1999 | D:3      | 1999 ||| FLEEEEING.
  2000 | D:3      | 2000 ||| FLEEEEING.
  2001 | D:3      | 2001 ||| FLEEEEING.
  2002 | D:3      | 2002 ||| FLEEEEING.
  2003 | D:3      | 2003 ||| FLEEEEING.
  2004 | D:3      | 2004 ||| FLEEEEING.
  2005 | D:3      | 2005 ||| FLEEEEING.
  2006 | D:3      | 2006 ||| FLEEEEING.
  2007 | D:3      | 2007 ||| FLEEEEING.
  2008 | D:3      | 2008 ||| STAIRDANCE
  2390 | D:4      | Noticed Sigmund
  2409 | D:4      | HP: 4/26 [something (10)]
  2414 | D:4      | Slain by Sigmund

Levels and vault maps discovered:
D:1:      beargit_arrival_diablo_church, layout_basic, kennysheep_minor_cross,
          minmay_tripent
D:2:      cheibrodos_old_hovel, layout_rooms
D:3:      layout_basic, mainiacjoe_overflow_brackets,
          mainiacjoe_overflow_catch_the_wave
D:4:      minmay_diamond_boxcup, layout_basic, uniq_sigmund, uniq_pikel

Skill      XL: |  1  2  3  4 |
---------------+-------------+-----
Ranged Weapons | 3 4 |  4.4
Fighting       | 2 |  2.0
Dodging        | |  1.5
Spellcasting   | |  1.0
Hexes          | |  2.6

Action                     |  1- 3 |  4- 6 || total
---------------------------+-------+-------++-------
   Fire: Sling             |   128 |    82 ||   210
    Use: Scroll            |     9 |       ||     9
         Potion            |     2 |       ||     2
 Armour: Robe              |     4 |       ||     4
         Leather armour    |    25 |    14 ||    39
  Dodge: Dodged            |    39 |    22 ||    61

Table legend:
 A = Non-vault XP
 B = Vault XP
 C = Vault XP percentage of total XP
 D = Non-vault monster count
 E = Vault monster count
 F = Vault count percentage of total count
                 A         B        C        D         E       F
            +---------+---------+-------+---------+---------+-------
      Total |     131 |       4 |   3.0 |      51 |       3 |   5.6
            +---------+---------+-------+---------+---------+-------
        D:1 |      21 |       3 |  12.5 |      12 |       2 |  14.3
        D:2 |      28 |       1 |   3.4 |      16 |       1 |   5.9
        D:3 |      80 |       0 |   0.0 |      22 |       0 |   0.0
        D:4 |       2 |       0 |   0.0 |       1 |       0 |   0.0
            +---------+---------+-------+---------+---------+-------
